 Dungeon Crawl Stone Soup version 0.27-a0-366-g8badd94918 (webtiles) character file.

Game seed: 3477918819732245658

51 skwiii the Stinger (level 3, 0/21 HPs)
             Began as an Octopode Venom Mage on Feb 16, 2021.
             Slain by Crazy Yiuf
             ... wielding a +2 quarterstaff of chaos
              (5 damage)
             ... on level 2 of the Dungeon.
             The game lasted 00:03:46 (2330 turns).

skwiii the Stinger (Octopode Venom Mage)            Turns: 2330, Time: 00:03:47

Health: 0/21       AC:  1    Str:  7    XL:     3   Next: 81%
Magic:  6/6        EV: 18    Int: 18    God:
Gold:   81         SH:  0    Dex: 12    Spells: 4/7 levels left

rFire    . . .     SeeInvis .   (no weapon)
rCold    . . .     Faith    .   (no shield)
rNeg     . . .     Spirit   .   (helmet restricted)
rPois    .         Reflect  .   (no amulet)
rElec    .         Harm     .   e - ring of wizardry
rCorr    .         Rampage  .   (no ring)
Will     .....                  (no ring)
Stlth    +++.......             (no ring)
HPRegen  0.07/turn              (no ring)
MPRegen  0.10/turn              (no ring)
                                (no ring)
                                (no ring)

@: agile, lethally poisoned (0 -> -6), hasted, very quick
A: almost no armour, stealthy swim, amphibious, 8 rings, constrict 8, camouflage
1, gelatinous body 1
a: no special abilities


You were on level 2 of the Dungeon.
You visited 1 branch of the dungeon, and saw 2 of its levels.

You collected 81 gold pieces.

Inventory:

Jewellery
 e - a ring of wizardry (left tentacle)
Scrolls
 a - 2 scrolls of amnesia {unknown}
 g - 2 scrolls of enchant weapon {unknown}
Potions
 b - a potion of ambrosia {unknown}
 c - 3 potions of curing {unknown}
 d - a potion of might {unknown}
 f - a potion of berserk rage {unknown}


   Skills:
 + Level 2.2 Dodging
 - Level 2.8 Stealth
 * Level 2.6 Spellcasting
 + Level 1.6 Transmutations
 + Level 0.8 Air Magic
 + Level 4.2 Poison Magic


You had 4 spell levels left.
You knew the following spells:

 Your Spells              Type           Power        Failure   Level
a - Sting                 Tmut/Pois      48%          2%          1
b - Poisonous Vapours     Pois/Air       22%          3%          2

Your spell library contained the following spells:

 Spells                   Type           Power        Failure   Level
 Ignite Poison            Fire/Tmut/Pois 9%           9%          3
 Mephitic Cloud           Conj/Pois/Air  8%           11%         3
 Olgreb's Toxic Radiance  Pois           17%          12%         4


Dungeon Overview and Level Annotations

Branches:
Dungeon (2/15)

Altars:

Annotations:
D:2 Crazy Yiuf, Sigmund


Innate Abilities, Weirdness & Mutations

You cannot wear most types of armour.
You are very stealthy in the water. (Stealth+)
You are amphibious.
You can wear up to eight rings at the same time.
You can use your tentacles to constrict eight enemies at once.
Your skin changes colour to match your surroundings (Stealth+).
Your rubbery body absorbs attacks. (AC +1, EV +1)


Message History

You feel yourself speed up. Sigmund hits you but does no damage.
Crazy Yiuf hits you but does no damage. Sigmund hits you but does no damage.
Crazy Yiuf hits you but does no damage.
You feel yourself slow down. Sigmund hits you but does no damage.
Crazy Yiuf hits you but does no damage. Crazy Yiuf hits you but does no damage.
Sigmund points at himself and mumbles some strange words.
Sigmund flickers and vanishes!
Deactivating autopickup; reactivate with Ctrl-A.
Crazy Yiuf hits you but does no damage.
You hear some strange, mumbled words.
Something tries to affect you, but you resist.
Crazy Yiuf cries, "Sif Muna!"
Crazy Yiuf hits you but does no damage.
You are poisoned.
Something hits you but does no damage.
Your transformation is almost over.
You feel sick.
Crazy Yiuf says, "Snurf!"
Crazy Yiuf hits you but does no damage. Something hits you but does no damage.
You feel sick. Crazy Yiuf hits you but does no damage.
You feel sick. Something hits you but does no damage.
Crazy Yiuf hits you but does no damage. Crazy Yiuf hits you but does no damage.
Something hits you but does no damage.
You feel yourself speed up.
You feel sick. Crazy Yiuf hits you but does no damage.
You feel agile all of a sudden. Something hits you.
You feel sick. Crazy Yiuf hits you but does no damage.
You hear some strange, mumbled words.
Something tries to affect you, but you resist.
Crazy Yiuf hits you with a +2 quarterstaff of chaos.
* * * LOW HITPOINT WARNING * * *
You feel sick. Something hits you but does no damage.
Crazy Yiuf hits you but does no damage.
You feel less wooden.
Crazy Yiuf hits you with a +2 quarterstaff of chaos.
You die...

#.## #.# #.# ### ###♣♣♣♣♣
###########....♣.♣♣♣ ###
#.........g{....♣..♣#...#
#.#######@.....♣♣♣♣@g...#
#.# ##....♣♣ ♣♣#..)# #.#
####♣♣ ### #.## #..# ##.#
################ #.#
#....[##........ #.#
#.###.##.####... #.# #.#
#.##.## ##.#


You could see Crazy Yiuf.

Vanquished Creatures
  3 adders (D:2)
  An ooze (D:1)
  5 bats
  2 giant cockroaches (D:1)
  2 goblins (D:1)
  A hobgoblin (D:1)
  4 frilled lizards
  2 kobolds (D:1)
  4 rats
24 creatures vanquished.

Notes
Turn   | Place    | Note
-------+----------+-------------------------------------------
     0 | D:1      | skwiii the Octopode Venom Mage began the quest for the Orb.
     0 | D:1      | Reached XP level 1. HP: 11/11 MP: 3/3
   536 | D:1      | Reached XP level 2. HP: 17/17 MP: 0/5
   539 | D:1      | Learned a level 2 spell: Poisonous Vapours
   546 | D:1      | Reached skill level 4 in Poison Magic
  1575 | D:2      | Reached XP level 3. HP: 11/21 MP: 2/6
  2002 | D:2      | Found a runed translucent door.
  2003 | D:2      | Noticed Crazy Yiuf
  2003 | D:2      | Noticed Sigmund
  2330 | D:2      | Slain by Crazy Yiuf

Illustrated notes

Levels and vault maps discovered:
D:1:      psy_arrival_terrarium, layout_loops_corners, serial_park_tiny_1
D:2:      layout_loops_ring, serial_rivers, chequers_serial_rivers_small_b,
          chequers_serial_rivers_micro_e, chequers_serial_rivers_micro_a,
          chequers_serial_rivers_micro_b, serial_park_tiny_1,
          minmay_misc_feat_pillars, uniq_crazy_yiuf_cottage, uniq_sigmund

Skill      XL: |  1  2 |
---------------+-------+-----
Poison Magic   | 4 |  4.2
Dodging        | |  2.2
Stealth        | |  2.8
Spellcasting   | |  2.6
Transmutations | |  1.6
Air Magic      | |  0.8

Action                   || total
-------------------------++-------
Melee: Unarmed           ||     1
       Tentacles         ||     1
 Cast: Sting             ||    32
       Poisonous Vapours ||     7
Armor: Skin              ||    24
Dodge: Dodged            ||    16

Table legend: (Time is in decaauts)
 A = Elapsed time spent in this place.
 B = Non-inter-level travel time spent in this place.
 C = Inter-level travel time spent in this place.
 D = Time resting spent in this place.
 E = Time spent auto-exploring this place.
 F = Levels seen in this place.
 G = Mean time per level.
                   A        B        C        D        E       F      G
               +--------+--------+--------+--------+--------+-----+--------+
         Total |   2326 |   2210 |    116 |    776 |   1132 |   2 | 1163.0 |
       Dungeon |   2326 |   2210 |    116 |    776 |   1132 |   2 | 1163.0 |
               +--------+--------+--------+--------+--------+-----+--------+

Top non-repeatable levels by time:
     D:1: 1517 daAuts
     D:2: 809 daAuts
